AoeStats
← Generation Kill

Arena

508416492Analyzed
4v4 RM · 11d ago on Sep 22, 2026· 47m 6s· 8 players
Game mode
Random Map
Map size
Large (8 player)
Population
200
Speed
Normal
Resources
Standard
Victory
Conquest
Starting age
Dark Age
Ending age
Imperial Age
RankedLock teamsTeams togetherTeam positionsShared explorationLock speedFull tech treeHidden civsTurbo modeCheats
Victory
Defeat
🇸🇪 Japanese · Sweden
1197
+11
🇨🇳 Teutons · China
1195
+11
🇨🇳 Poles · China
1179
+12
🇹🇼 Magyars · Taiwan
1175
+12
🇨🇳 Khmer · China
1126
-14
🇦🇺 Teutons · Australia
1078
-11
🇹🇼 Spanish · Taiwan
1065
-11
🇹🇼 Mongols · Taiwan
1057
-10
Generation Kill
10:56 Feudal Age
15:03 Castle Age
13:20 Horse Collar
13:52 Double-Bit Axe
14:52 Stone Mining
16:01 Bow Saw
17:39 Fletching
17:45 Loom
19:41 Wheelbarrow
21:24 Bodkin Arrow
25:04 Hand Cart
24:34 Town Watch
26:25 Murder Holes
27:06 Ballistics
27:42 Heavy Plow
28:16 Guard Tower
37:39 Imperial Age
35:09 Pikeman
37:42 Halberdier
38:55 Scale Mail Armor
39:06 Forging
39:42 Kataparuto
39:35 Squires
40:08 Yasama
42:22 Chain Mail Armor
44:15 Keep
44:41 Chemistry
45:34 Two-Man Saw
47:55 Kataparuto
韓國魚
12:10 Feudal Age
13:55 Double-Bit Axe
16:18 Castle Age
14:15 Horse Collar
17:18 Bow Saw
17:18 Heavy Plow
18:56 Wheelbarrow
24:24 Hand Cart
25:10 Gold Mining
25:14 Stone Mining
25:43 Loom
27:12 Gold Shaft Mining
29:30 Imperial Age
27:08 Fletching
27:19 Padded Archer Armor
28:44 Ballistics
28:22 Bodkin Arrow
29:15 Leather Archer Armor
30:20 Bracer
30:51 Ring Archer Armor
30:06 Heavy Cavalry Archer
31:12 Parthian Tactics
30:55 Thumb Ring
31:01 Scale Barding Armor
31:58 Two-Man Saw
31:30 Crop Rotation
32:11 Bloodlines
32:01 Husbandry
31:22 Light Cavalry
34:09 Chemistry
33:33 Chain Barding Armor
33:41 Conscription
33:47 Hussar
35:18 Plate Barding Armor
35:10 Recurve Bow
35:15 Corvinian Army
35:23 Elite Magyar Huszar
37:53 Scale Mail Armor
43:58 Hoardings
44:31 Murder Holes
Kulamatata
9:10 Feudal Age
7:46 Loom
11:06 Double-Bit Axe
11:33 Fletching
13:15 Town Watch
22:23 Castle Age
21:18 Horse Collar
21:52 Gold Mining
23:52 Bodkin Arrow
28:08 Stone Mining
32:16 Elite Skirmisher
35:29 Imperial Age
32:49 Pikeman
33:34 Scale Mail Armor
34:11 Bow Saw
35:07 Chain Mail Armor
34:53 Padded Archer Armor
35:50 Wheelbarrow
35:26 Heavy Plow
37:04 Conscription
37:06 Hand Cart
37:53 Leather Archer Armor
38:10 Gambesons
39:22 Ring Archer Armor
39:49 Squires
40:10 Halberdier
41:46 Forging
43:10 Chemistry
42:16 Siege Engineers
43:17 Plate Mail Armor
42:29 Capped Ram
43:33 Arson
44:42 Stone Shaft Mining
45:19 Ballistics
45:11 Masonry
44:47 Onager
啊丸子
10:07 Feudal Age
10:40 Horse Collar
14:03 Castle Age
12:25 Double-Bit Axe
15:12 Bow Saw
15:06 Heavy Plow
16:29 Bow Saw
21:03 Wheelbarrow
20:15 Loom
22:55 Hand Cart
28:34 Imperial Age
26:04 Gold Mining
26:04 Stone Mining
26:07 Gold Mining
26:24 Scale Barding Armor
26:29 Forging
27:32 Chain Barding Armor
27:25 Bloodlines
27:16 Husbandry
28:44 Iron Casting
28:14 Pikeman
28:38 Cavalier
29:40 Conscription
30:00 Crop Rotation
29:19 Town Watch
30:15 Sanctity
30:22 Lechitic Legacy
30:11 Szlachta Privileges
30:52 Theocracy
30:33 Block Printing
31:49 Blast Furnace
32:24 Stone Shaft Mining
33:17 Chemistry
33:06 Light Cavalry
33:58 Winged Hussar
38:10 Town Patrol
38:26 Fervor
38:49 Fletching
42:04 Masonry
42:30 Hoardings
Campaign NPC
11:16 Feudal Age
12:41 Double-Bit Axe
14:17 Horse Collar
17:17 Castle Age
18:21 Bow Saw
20:13 Scale Barding Armor
21:27 Forging
21:54 Bloodlines
24:15 Heavy Plow
27:03 Fervor
31:31 Imperial Age
28:49 Loom
29:58 Wheelbarrow
29:09 Town Watch
29:38 Gold Mining
30:30 Caravan
31:00 Chain Barding Armor
31:48 Iron Casting
31:55 Cavalier
33:15 Plate Barding Armor
34:09 Blast Furnace
33:43 Fortified Wall
33:44 Masonry
35:05 Hand Cart
35:34 Guilds
36:00 Coinage
35:45 Paladin
36:30 Gambesons
36:46 Squires
36:31 Arson
38:53 Man-at-Arms
39:19 Arson
38:54 Pikeman
40:07 Scale Mail Armor
39:49 Long Swordsman
GG豪大
11:38 Feudal Age
12:50 Horse Collar
16:22 Castle Age
15:25 Loom
18:02 Double-Bit Axe
27:49 Wheelbarrow
37:01 Heavy Plow
37:14 Bow Saw
43:50 Imperial Age
42:46 Bloodlines
42:37 Husbandry
41:57 Light Cavalry
44:13 Hussar
45:20 Forging
45:16 Scale Barding Armor
46:48 Iron Casting
47:09 Chain Barding Armor
世紀垃圾
10:51 Feudal Age
14:58 Castle Age
13:22 Double-Bit Axe
13:39 Loom
14:03 Horse Collar
25:09 Bow Saw
26:14 Gold Mining
31:08 Fletching
32:02 Bodkin Arrow
32:57 Heavy Plow
33:25 Ballistics
36:06 Wheelbarrow
39:14 Imperial Age
37:09 Stone Mining
37:55 Gold Shaft Mining
38:38 Hand Cart
38:26 Padded Archer Armor
39:09 Bloodlines
40:13 Thumb Ring
40:33 Parthian Tactics
40:22 Bracer
41:37 Chemistry
41:29 Leather Archer Armor
41:58 Scale Barding Armor
43:44 Chain Barding Armor
43:51 Conscription
43:33 Cavalier
43:39 Light Cavalry
44:23 Husbandry
44:57 Forging
44:31 Elite Mangudai
電動遊戯
3:55 Loom
11:27 Feudal Age
14:52 Castle Age
14:33 Double-Bit Axe
14:29 Horse Collar
16:06 Bow Saw
16:48 Fervor
21:51 Fervor
26:13 Heavy Plow
26:37 Stone Mining
27:34 Gold Mining
28:00 Husbandry
28:11 Bloodlines
28:49 Wheelbarrow
29:20 Fortified Wall
29:25 Bloodlines
30:54 Hand Cart
31:01 Forging
30:56 Scale Barding Armor
34:41 Imperial Age
32:02 Town Watch
32:09 Fletching
32:42 Ballistics
34:01 Town Patrol
34:53 Bodkin Arrow
35:18 Chain Barding Armor
35:33 Devotion
35:58 Chain Barding Armor
36:07 Conscription
35:54 Double Crossbow
35:27 Capped Ram
36:39 Elite Ballista Elephant
37:34 Bracer
37:25 Light Cavalry
37:56 Light Cavalry
40:01 Plate Barding Armor
39:33 Siege Engineers
39:57 Hussar
42:47 Hoardings
46:43 Iron Casting
46:09 Scale Mail Armor
Connection lost

Rejoining the realm…

Still unreachable

The connection could not be restored.

Session expired

The server has moved on; the page needs a fresh start.